 Dungeon Crawl Stone Soup version 0.28-a0-1429-gf3d713df7a (webtiles) character file.

Game seed: 9496390579464512796

1037 HallandMoats the Spawn of Chaos (level 8, -2/63 HPs)
             Began as a Demonspawn Fighter on Jan 9, 2022.
             Was an Initiate of Makhleb.
             Slain by Maggie (4 damage)
             ... on level 6 of the Dungeon.
             The game lasted 00:03:38 (4861 turns).

HallandMoats the Spawn of Chaos (DsFi)              Turns: 4861, Time: 00:03:40

Health: -2/63      AC:  8    Str: 18    XL:     8   Next: 4%
Magic:  12/12      EV: 10    Int:  9    God:    Makhleb [......]
Gold:   180        SH:  0    Dex: 14    Spells: 7/7 levels left

rFire   . . .      SeeInvis .   b - +8 quarterstaff of Zyhol {freeze, rPois}
rCold   . . .      Faith    .   (shield currently unavailable)
rNeg    . . .      Spirit   .   l - +0 scale mail
rPois   +          Reflect  .   g - +1 hat
rElec   .          Harm     .   (no cloak)
rCorr   .          Rampage  .   (no gloves)
Will    .....                   (no boots)
Stlth   ..........              (no amulet)
HPRegen 0.20/turn               (no ring)
MPRegen 0.13/turn               (no ring)

@: mighty, mesmerised
A: horns 2, powered by pain 1, spiny 2
a: Renounce Religion


You were on level 6 of the Dungeon.
You worshipped Makhleb.
Makhleb was noncommittal.
You visited 1 branch of the dungeon, and saw 6 of its levels.

You collected 180 gold pieces.

Inventory:

Hand Weapons
 a - a +0 war axe
 b - the +8 quarterstaff of Zyhol (weapon) {freeze, rPois}
   (You found it on level 2 of the Dungeon)

   It freezes those it strikes, dealing additional cold damage.
   It can also slow down cold-blooded creatures.
   rPois:     It protects you from poison.
Armour
 c - a +0 buckler
 g - a +1 hat (worn)
 l - a +0 scale mail (worn)
Jewellery
 m - an amulet of guardian spirit
 u - a ring of protection from cold
Scrolls
 e - 2 scrolls of fear {unknown}
 h - 6 scrolls of identify {unknown}
 i - 4 scrolls of teleportation {unknown}
 o - 3 scrolls of fog {unknown}
 q - a scroll of vulnerability {unknown}
 r - a scroll of enchant armour {unknown}
 s - 2 scrolls of amnesia {unknown}
 t - 2 scrolls of summoning {unknown}
 v - a scroll of brand weapon {unknown}
 x - a scroll of immolation {unknown}
 y - a scroll of noise {unknown}
Potions
 f - 2 potions of flight {unknown}
 j - 3 potions of curing {unknown}
 k - 2 potions of resistance {unknown}
 n - 2 potions of ambrosia {unknown}
 p - a potion of heal wounds {unknown}
 w - a potion of haste {unknown}
 z - a potion of brilliance {unknown}


   Skills:
 * Level 5.4 Fighting
 + Level 3.3 Axes
 + Level 4.1 Armour
 + Level 2.6 Dodging
 - Level 4.0 Shields
 * Level 5.9 Invocations


You had 7 spell levels left.
You didn't know any spells.
Your spell library contained the following spells:

 Spells                   Type           Power      Damage    Failure   Level
 Sublimation of Blood     Necr           0%         N/A       88%         2
 Frozen Ramparts          Ice            0%         1d2       98%         3
 Ice Form                 Ice/Tmut       0%         N/A       100%        4
 Petrify                  Tmut/Erth      0%         N/A       100%        4
 Summon Ice Beast         Ice/Summ       0%         N/A       100%        4
 Irradiate                Conj/Tmut      0%         3d13      100%        5


Dungeon Overview and Level Annotations

Branches:
Dungeon (6/15)
 Temple: D:4-7

Altars:
Makhleb
Xom
The Shining One

Shops:
D:6 *

Annotations:
D:6 Maggie


Innate Abilities, Weirdness & Mutations

You have a pair of horns on your head.
You sometimes gain a little power by taking damage.
You are mostly covered in sharp spines.


Message History

The water moccasin is struck by your spines.
The water moccasin closely misses you.
You closely miss the water moccasin.
The water moccasin is moderately wounded.
The water moccasin barely misses you.
The water moccasin is struck by your spines.
The water moccasin barely misses you.
You sock the water moccasin!
The water moccasin seems to slow down.
You freeze the water moccasin.
You kill the water moccasin!
Makhleb accepts your kill. Maggie casts a spell at you.
The bolt of fire hits you!!
The white imp shouts, "Go and return not, thou beslubbering weevil-witted blabberskite!"
The white imp is struck by your spines. The white imp barely misses you.
You have reached level 8!
You feel agile.
Your demonic ancestry asserts itself...
You feel energised by your suffering.
You barely miss the white imp.
The white imp is heavily wounded.
Maggie says, "Have you seen any dragons?"
The white imp is struck by your spines.
The white imp hits you but does no damage.
You bludgeon the white imp!!
You kill the white imp!
Makhleb accepts your kill.
You closely miss Maggie. You headbutt Maggie.
Maggie is lightly wounded.
Maggie hits you with a +2 war axe of flaming!
* * * LOW HITPOINT WARNING * * *
Maggie burns you.
* * * LOW HITPOINT WARNING * * *
Maggie barely misses you.
You sock Maggie! You freeze Maggie. You headbutt Maggie.
Maggie is moderately wounded.
Maggie is struck by your spines.
Maggie hits you with a +2 war axe of flaming!
* * * LOW HITPOINT WARNING * * *
Maggie burns you.
You die...

#. ... .### #.#
...###.#
...##.# ...##.#
#.. #.# ####
#@# #.# ..# #@#
#.######.##
#.###....†....#
#......#####..#
######.# #..#
#.# ##<.####
#.# #.......
#.# ##...####
#.........#
#.#####.#.#


You could see Maggie (mesmerising).

Vanquished Creatures
  Grinder (D:5)
  A water moccasin (D:6)
  2 phantoms
  Blork the orc (D:5)
  A bullfrog (D:6)
  A wyvern zombie (D:6)
  A crimson imp (D:4)
  A bullfrog zombie (D:5)
  A hound (D:4)
  A jelly (D:5)
  An orc wizard (D:4)
  A hound zombie (D:5)
  7 gnolls
  3 adders
  A white imp (D:6)
  2 ufetubi (D:5)
  An adder skeleton (D:5)
  A worm (D:2)
  6 dart slugs
  10 orcs
  7 endoplasms
  2 giant cockroaches
  4 goblins
  8 hobgoblins
  2 jackals (D:1)
  5 quokkas
  10 ball pythons
  13 bats
  9 frilled lizards
  6 kobolds
  5 rats
115 creatures vanquished.

Notes
Turn   | Place    | Note
-------+----------+-------------------------------------------
     0 | D:1      | HallandMoats the Demonspawn Fighter began the quest for the
                  | Orb.
     0 | D:1      | Reached XP level 1. HP: 18/18 MP: 1/1
   144 | D:1      | Reached skill level 1 in Invocations
   181 | D:1      | Gained mutation: You are partially covered in sharp spines.
                  | [demonic ancestry]
   181 | D:1      | Reached XP level 2. HP: 23/24 MP: 2/2
   710 | D:1      | Gained mutation: You have a pair of small horns on your
                  | head. [demonic ancestry]
   710 | D:1      | Reached XP level 3. HP: 28/29 MP: 4/4
  1452 | D:2      | Identified the +8 quarterstaff of Zyhol {freeze, rPois}
  1557 | D:2      | Found a faded altar of an unknown god.
  1771 | D:2      | Reached skill level 1 in Dodging
  1835 | D:2      | Reached XP level 4. HP: 35/35 MP: 5/5
  2678 | D:4      | Gained mutation: You are mostly covered in sharp spines.
                  | [demonic ancestry]
  2678 | D:4      | Reached XP level 5. HP: 31/42 MP: 5/7
  3046 | D:4      | Noticed a phantom
  3052 | D:4      | Killed a phantom
  3053 | D:4      | Gained mutation: You have a pair of horns on your head.
                  | [demonic ancestry]
  3053 | D:4      | Reached XP level 6. HP: 41/48 MP: 8/8
  3205 | D:4      | Found a shimmering altar of Xom.
  3205 | D:4      | Found a burning altar of Makhleb.
  3441 | D:4      | Became a worshipper of Makhleb the Destroyer
  3486 | D:5      | Entered Level 5 of the Dungeon
  3486 | D:5      | Noticed Blork the orc
  3494 | D:5      | Killed Blork the orc
  3973 | D:5      | Reached XP level 7. HP: 21/55 MP: 10/10
  4168 | D:5      | Noticed Grinder
  4174 | D:5      | Killed Grinder
  4175 | D:5      | Reached skill level 5 in Invocations
  4390 | D:5      | Reached skill level 5 in Fighting
  4700 | D:6      | Found Rungycs's General Store.
  4850 | D:6      | Noticed Maggie
  4858 | D:6      | Gained mutation: You sometimes gain a little power by
                  | taking damage. [demonic ancestry]
  4858 | D:6      | Reached XP level 8. HP: 26/63 MP: 12/12
  4861 | D:6      | HP: 2/63 [Maggie (14)]
  4861 | D:6      | Slain by Maggie

Illustrated notes

Levels and vault maps discovered:
D:1:      saegor_arrival_simple_a, layout_basic
D:2:      minmay_razor_zed, layout_loops_corners, basic_ecumenical_altar
D:3:      layout_rooms
D:4:      layout_loops_ring, grunt_temple_overflow_champion_of_chaos,
          kennysheep_little_box, hangedman_decor_slide_cut,
          chequers_serial_rivers_micro_d
D:5:      layout_basic, minmay_misc_feat_cross, uniq_blork_the_orc, uniq_grinder
D:6:      layout_loops_ring, marbit_many_paths, okawaru_ov_weapons_minmay,
          mainiacjoe_overflow_boulevard, serial_shops, nicolae_take_the_stairs,
          uniq_maggie, uniq_prince_ribbit1

Skill      XL: |  1  2  3  4  5  6  7 |
---------------+----------------------+-----
Invocations    | 1 2 3 4 5 |  5.9
Shields        | 3 4 |  4.0
Axes           | 2 3 |  3.3
Armour         | 3 4 |  4.1
Dodging        | 1 2 |  2.6
Fighting       | 4 5 |  5.4

Action                   |  1- 3 |  4- 6 |  7- 9 || total
-------------------------+-------+-------+-------++-------
Melee: War axe           |    70 |       |       ||    70
       Quarterstaff      |    10 |    81 |    20 ||   111
       Headbutt          |     1 |     8 |     4 ||    13
  Use: Potion            |       |       |     1 ||     1
Armor: Scale mail        |    25 |    26 |     5 ||    56
Dodge: Dodged            |    38 |    28 |    15 ||    81
Block: Buckler           |    18 |       |       ||    18

Table legend: (Time is in decaauts)
 A = Elapsed time spent in this place.
 B = Non-inter-level travel time spent in this place.
 C = Inter-level travel time spent in this place.
 D = Time resting spent in this place.
 E = Time spent auto-exploring this place.
 F = Levels seen in this place.
 G = Mean time per level.
                   A        B        C        D        E       F      G
               +--------+--------+--------+--------+--------+-----+--------+
         Total |   4923 |   4652 |    271 |      0 |   4047 |   6 |  820.5 |
       Dungeon |   4923 |   4652 |    271 |      0 |   4047 |   6 |  820.5 |
               +--------+--------+--------+--------+--------+-----+--------+

Top non-repeatable levels by time:
     D:5: 1143 daAuts
     D:1: 1081 daAuts
     D:2: 1005 daAuts
     D:4: 942 daAuts
     D:3: 508 daAuts
     D:6: 242 daAuts
